 Dungeon Crawl Stone Soup version 0.16-a0-148-g3b84123 (webtiles) character file.

225 Bubnilka the Covered (level 5, 0/48 HPs)
             Began as a Minotaur Fighter on Aug 15, 2014.
             Slain by a bat (1 damage)
             ... on Level 3 of the Dungeon.
             The game lasted 00:07:59 (2402 turns).

Bubnilka the Covered (Minotaur Fighter)             Turns: 2402, Time: 00:07:59

HP   0/48        AC 13     Str 21      XL: 5   Next: 68%
MP   2/2         EV  9     Int  5      God:
Gold 144         SH 10     Dex 15      Spells:  0 memorised,  4 levels left

rFire  . . .     SeeInvis .     a - +0 flail
rCold  . . .     Clarity  .     t - +0 plate armour
rNeg   . . .     rCorr    .     c - +0 shield
rPois  .         rRot     .     (helmet restricted)
rElec  .         Spirit   .     (no cloak)
SustAb .         Warding  .     n - +0 pair of gloves
rMut   .         Stasis   .     (no boots)
Gourm  .                        f - amulet of faith
MR     .....                    (no ring)
                                (no ring)

@: agile, not resistant to hostile enchantments, extremely unstealthy
A: retaliatory headbutt, horns 2
a: no special abilities


You were on level 3 of the Dungeon.
You were not hungry.

You visited 1 branch of the dungeon, and saw 3 of its levels.

You collected 144 gold pieces.

Inventory:

Hand weapons
 a - a +0 flail (weapon)
Armour
 c - a +0 shield (worn)
 n - a +0 pair of gloves (worn)
 t - a +0 plate armour (worn)
Comestibles
 d - 2 bread rations
 g - 4 fruits
 l - 5 meat rations
 q - a beef jerky
Scrolls
 k - a scroll of fog {unknown}
 m - 2 scrolls of identify {unknown}
 o - 3 scrolls of remove curse {unknown}
 s - a scroll of teleportation {unknown}
Jewellery
 f - an amulet of faith (around neck)
 j - an uncursed ring of ice {unknown}
Potions
 e - 2 potions of might
 h - a potion of agility
 i - a potion of curing {unknown}
 p - a potion of confusion {unknown}
 r - a potion of flight {unknown}


   Skills:
 + Level 5.0 Fighting
 + Level 3.7 Maces & Flails
 + Level 5.1 Armour
 - Level 0.7 Dodging
 + Level 4.9 Shields


You had 4 spell levels left.
You didn't know any spells.

Dungeon Overview and Level Annotations

Branches:
Dungeon (3/15)

Altars:
Nemelex Xobeh
Sif Muna
Xom
Zin


Innate Abilities, Weirdness & Mutations

You reflexively headbutt those who attack you in melee.
You have a pair of horns on your head.


Message History

The orc is almost dead.
You block the orc's attack.
Your plate armour prevents you from hitting the orc.
Your headbutt misses the orc.
The orc is almost dead.
The orc priest glows brightly for a moment.
The orc hits you but does no damage.
Your shield and plate armour prevent you from hitting the orc.
You headbutt the orc.
You kill the orc!
You closely miss the orc. You headbutt the orc.
The orc is severely wounded.
The orc priest calls down the wrath of Beogh upon you.
Something smites you!
* * * LOW HITPOINT WARNING * * *
The orc closely misses you.
You hit the orc.
You kill the orc!
The bat hits you.
You die...

####.####.<.# #..###.#
...........#####.####..
####..#............###.#
#.....######.###......
#..##.## #.# ######. #
#%## ..# #..# .### ##.#
#. #@# # #b# #.# #o. #..
#... #... #...# #..


You could see an orc priest and a bat.

Vanquished Creatures
  A hound (D:3)
  3 orc wizards (D:3)
  3 gnolls (D:2)
  2 adders (D:3)
  2 giant geckos (D:1)
  An ooze (D:2)
  2 orcs (D:3)
  8 bats
  3 giant cockroaches
  2 goblins (D:1)
  7 hobgoblins
  7 jackals
  7 kobolds
  3 quokkas
  4 giant newts
  4 rats
59 creatures vanquished.

Notes
Turn   | Place    | Note
--------------------------------------------------------------
     0 | D:1      | Bubnilka, the Minotaur Fighter, began the quest for the Orb.
     0 | D:1      | Reached XP level 1. HP: 19/19 MP: 1/1
   190 | D:1      | Reached XP level 2. HP: 27/27 MP: 1/1
   283 | D:1      | Reached skill level 4 in Armour
   883 | D:2      | Reached XP level 3. HP: 23/33 MP: 2/2
  1236 | D:2      | Found a sparkling altar of Nemelex Xobeh.
  1240 | D:2      | Found a glowing silver altar of Zin.
  1243 | D:2      | Found a shimmering altar of Xom.
  1488 | D:2      | Reached XP level 4. HP: 41/41 MP: 2/2
  1827 | D:3      | Found a deep blue altar of Sif Muna.
  2261 | D:3      | Reached XP level 5. HP: 36/47 MP: 2/2
  2353 | D:3      | Reached skill level 5 in Armour
  2394 | D:3      | Reached skill level 5 in Fighting
  2401 | D:3      | HP: 1/48 [orc priest/divine providence (13)]
  2402 | D:3      | Slain by a bat

Action                   |  1- 3 |  4- 6 || total
-------------------------+-------+-------++-------
Melee: Flail             |    86 |    66 ||   152
  Use: Potion            |       |     1 ||     1
  Eat: Chunk             |     2 |     3 ||     5
